 Dungeon Crawl Stone Soup version 0.20-a0-526-g753eaab (webtiles) character file.

135 kae the Skirmisher (level 5, 0/43 HPs)
             Began as a Barachian Fighter on Jan 26, 2017.
             Succumbed to a kobold's poison
             ... on level 3 of the Dungeon.
             The game lasted 00:02:48 (2249 turns).

kae the Skirmisher (Barachian Fighter)              Turns: 2249, Time: 00:02:48

Health: 0/43       AC:  7    Str: 20    XL:     5   Next: 18%
Magic:  5/5        EV:  7    Int:  6    God:
Gold:   137        SH:  9    Dex: 11    Spells: 4/4 levels left

rFire    . . .     SeeInvis .   a - +0 long sword
rCold    . . .     Gourm    .   b - +0 scale mail
rNeg     . . .     Faith    .   c - +0 shield
rPois    .         Spirit   .   (no helmet)
rElec    .         Reflect  .   (no cloak)
rCorr    .         Harm     +   (no gloves)
MR       +....                  (no boots)
Stlth    ..........             i - amulet of harm
Regen    0.2/turn               (no ring)
                                j - ring of protection from magic

@: mighty, lethally poisoned (0 -> -2), slow
A: swims, slowness 1, strong legs 1
a: Hop


You were on level 3 of the Dungeon.
You were very hungry.

You visited 1 branch of the dungeon, and saw 3 of its levels.

You collected 137 gold pieces.

Inventory:

Hand Weapons
 a - a +0 long sword (weapon)
Armour
 b - a +0 scale mail (worn)
 c - a +0 shield (worn)
 e - a +0 cloak
Jewellery
 i - an amulet of harm (around neck)
 j - a ring of protection from magic (left hand)
Scrolls
 h - 2 scrolls of random uselessness
 l - a scroll of remove curse
Comestibles
 f - 3 bread rations
 g - 2 royal jellies


   Skills:
 + Level 4.4 Fighting
 * Level 4.3 Long Blades
 + Level 4.0 Armour
 - Level 3.0 Shields


You had 4 spell levels left.
You didn't know any spells.

Dungeon Overview and Level Annotations

Branches:
Dungeon (3/15)

Altars:
Ru


Innate Abilities, Weirdness & Mutations

You can swim through water.
You cover ground slowly.
You can hop short distances.


Message History

You feel sick.
A frilled lizard comes into view.
* * * LOW HITPOINT WARNING * * *
You feel sick.
The frilled lizard hisses angrily.
Okay, then.
Okay, then.
You feel very mighty all of a sudden.
* * * LOW HITPOINT WARNING * * *
You feel sick.
* * * LOW HITPOINT WARNING * * *
You feel sick. The frilled lizard barely misses you.
You closely miss the frilled lizard. You block the frilled lizard's attack.
You closely miss the frilled lizard.
* * * LOW HITPOINT WARNING * * *
You feel sick. The frilled lizard barely misses you.
You riposte.
You hit the frilled lizard.
You kill the frilled lizard!
You see here a frilled lizard corpse.
You die...

#......#.... ##.#<#.
#..(†#........... #.o>r.#S
#...(##...............#.##
#....# .............g..o..
#....###..............#..g
####))##.........#.#......
##............#........
###............###..#...
#....†.@....... $ ....
#...##......... .....
######......... ..........
##......... ..........
##########


There were no monsters in sight!

Vanquished Creatures
  3 gnolls (D:2)
  3 adders
  2 oozes
  2 worms
  3 dart slugs
  5 orcs
  2 ball pythons (D:3)
  7 bats
  A giant cockroach (D:1)
  5 goblins
  4 hobgoblins
  3 jackals (D:1)
  A quokka (D:2)
  4 frilled lizards
  4 kobolds
  7 rats
56 creatures vanquished.

Notes
Turn   | Place    | Note
-------+----------+-------------------------------------------
     0 | D:1      | kae the Barachian Fighter began the quest for the Orb.
     0 | D:1      | Reached XP level 1. HP: 18/18 MP: 1/1
   229 | D:1      | Reached XP level 2. HP: 24/24 MP: 2/2
   773 | D:2      | Reached XP level 3. HP: 26/30 MP: 3/3
  1243 | D:2      | Reached XP level 4. HP: 37/37 MP: 4/4
  1499 | D:2      | Found a sacrificial altar of Ru.
  2190 | D:3      | Reached XP level 5. HP: 38/42 MP: 5/5
  2242 | D:3      | HP: 2/43 [poisoned by a kobold]
  2249 | D:3      | Succumbed to a kobold's poison

Vault maps used:
D:1:      eino_arrival_cavern_b
D:2:      lemuel_coloured_pillars_altar, first_bread
D:3:      amethyst_killhole, minivault_4, st_stairs_8,
          nicolae_ru_the_path_less_chosen

Skill      XL: |  1  2  3  4  5 |
---------------+----------------+-----
Long Blades    | 3 4 |  4.3
Fighting       | 4 |  4.4
Armour         | 4 |  4.0
Shields        | |  3.0

Action                   |  1- 3 |  4- 6 || total
-------------------------+-------+-------++-------
Melee: Long sword        |   125 |    89 ||   214
 Abil: Hop               |     1 |     1 ||     2
  Use: Scroll            |     3 |       ||     3
       Potion            |     2 |     1 ||     3
  Eat: Chunk             |     2 |     2 ||     4
Armor: Scale mail        |    99 |    49 ||   148
Dodge: Dodged            |    44 |    41 ||    85
Block: Shield            |   102 |    52 ||   154
       Rpst.: Long sword |    16 |    11 ||    27
